Map: Аура смерти РВ

Players

Invader - Winner!

  • Race: Zerg Zerg
  • League: Master
  • Spawn Location: 11:00

Kantara

  • Race: Protoss Protoss
  • League: Diamond
  • Spawn Location: 5:00

VOD

Have the link to the VOD?

Description

Time

  • Played on: Dec. 5, 2020, 4:53 p.m.
  • Length: 15:54
Show
View Real Time Build Order
Export as new Build Order

Invader Zerg - Winner!

Build Orders: Hatch First 

Get SALT Encoding   

  12  0:01  Drone  
  13  0:15  Overlord  
  13  0:19  Drone  
  14  0:34  Drone x2  
  16  0:55  Hatchery  
  15  0:59  Drone  
  15  1:03  Drone  
  15  1:04  Drone  
  18  1:16  Extractor  
  17  1:19  Spawning Pool  
  17  1:20  Drone  
  17  1:23  Drone  
  18  1:33  Drone  
  19  1:44  Drone  
  20  1:54  Overlord  
  20  2:04  Drone  
  21  2:09  Queen x2  
  21  2:10  Drone  
  26  2:18  Drone x2  
  28  2:23  Metabolic Boost  
  28  2:26  Drone  
  29  2:31  Drone  
  30  2:39  Drone  
  31  2:53  Hatchery  
  31  2:55  Drone x3  
  31  2:58  Queen  
  33  3:02  Drone  
  33  3:03  Overlord  
  36  3:22  Overlord  
  36  3:25  Drone x3  
  39  3:28  Pneumatized Carapace  
  39  3:30  Drone x5  
  44  3:40  Drone x3  
  47  3:45  Drone  
  48  3:58  Queen  
  50  4:09  Drone x4  
  57  4:10  Drone x3  
  57  4:15  Lair  
  57  4:25  Overlord x2  
  57  4:26  Overlord  
  57  4:43  Queen x2  
  61  4:45  Spore Crawler  
  61  4:46  Overlord x2, Spore Crawler  
  59  4:54  Spore Crawler  
  59  4:55  Spore Crawler  
  59  4:59  Extractor  
  56  5:01  Extractor, Drone  
  56  5:02  Drone x3  
  59  5:10  Drone x3  
  62  5:19  Queen  
  64  5:30  Spore Crawler  
  64  5:33  Spore Crawler  
  62  5:36  Hydralisk Den  
  62  5:40  Baneling Nest  
  60  5:44  Drone  
  61  6:03  Drone x13  
  61  6:04  Drone x3  
  77  6:08  Muscular Augments  
  77  6:14  Evolution Chamber  
  77  6:16  Evolution Chamber  
  77  6:18  Overlord x4  
  75  6:23  Extractor x3, Drone x3  
  75  6:24  Drone x2  
  75  6:25  Centrifical Hooks  
  77  6:53  Zerg Ground Armor Level 1, Zerg Missile Weapons Level 1  
  77  7:01  Hatchery  
  76  7:13  Hydralisk x8  
  76  7:15  Zergling x12  
  98  7:19  Hatchery, Grooved Spines  
  98  7:20  Extractor  
  96  7:23  Extractor  
  96  7:38  Hydralisk x3  
  96  7:39  Hydralisk x3  
  108  8:02  Hatchery, Hydralisk x3  
  113  8:12  Hatchery  
  112  8:16  Zergling x2  
  112  8:17  Zergling x2  
  112  8:18  Overlord x5  
  114  8:49  Zergling x2  
  114  8:50  Zergling x26  
  114  8:54  Zerg Missile Weapons Level 2  
  114  8:55  Zerg Ground Armor Level 2  
  128  9:00  Evolution Chamber  
  128  9:01  Drone x5  
  128  9:02  Drone x4  
  136  9:15  Hydralisk  
  136  9:16  Hydralisk x2  
  142  9:24  Infestation Pit  
  142  9:28  Lurker Den  
  138  9:35  Baneling  
  138  9:36  Baneling x27  
  137  9:42  Queen  
  137  9:44  Queen  
  140  9:50  Drone  
  140  9:51  Drone x10  
  151  10:00  Extractor  
  151  10:01  Hydralisk x2  
  151  10:02  Extractor  
  151  10:07  Overlord x3  
  153  10:12  Hydralisk x4  
  153  10:13  Hydralisk x2  
  165  10:16  Overseer  
  165  10:21  Overlord x4  
  165  10:32  Hydralisk x12  
  187  10:41  Hydralisk  
  187  10:42  Hydralisk x2  
  188  10:46  Zerg Melee Weapons Level 1  
  183  10:59  Hydralisk x8  
  199  11:06  Hatchery  
  198  11:21  Hydralisk  
  200  11:27  Hatchery  
  200  11:29  Hive  
  141  12:02  Zergling x38  
  141  12:03  Zergling x18  
  166  12:11  Hydralisk  
  166  12:12  Hydralisk  
  170  12:21  Hydralisk x4  
  177  12:39  Hydralisk x6  
  177  12:40  Hydralisk x5  
  199  12:49  Baneling  
  199  12:50  Baneling x24  
  199  12:51  Baneling x30  
  199  12:52  Baneling  
  199  13:03  Extractor x2  
  197  13:06  Drone  
  197  13:07  Drone  
  160  13:46  Hydralisk  
  160  13:47  Hydralisk x4  
  160  13:48  Hydralisk x17  
  155  14:03  Hydralisk  
  155  14:04  Hydralisk x5  
  155  14:09  Hydralisk x2  
  165  14:24  Hydralisk  
  165  14:25  Hydralisk x4  
  165  14:29  Hydralisk  
  175  14:40  Hydralisk x3  
  165  14:50  Hydralisk  
  165  14:51  Hydralisk x2  
  161  15:01  Hydralisk x3  
  155  15:28  Hydralisk  
  155  15:29  Hydralisk x6  
Show
View Real Time Build Order
Export as new Build Order

Kantara Protoss 

Build Orders: 1 Gate Expand, Carriers 

Get SALT Encoding   

  12  0:01  Probe  
  13  0:13  Probe  
  14  0:18  Pylon  
  14  0:25  Probe (Chrono Boost)  
  15  0:38  Gateway, Probe (Chrono Boost)  
  16  0:44  Probe (Chrono Boost)  
  17  0:51  Assimilator  
  17  0:54  Probe  
  18  1:06  Probe  
  19  1:19  Probe  
  20  1:25  Nexus  
  20  1:34  Cybernetics Core  
  20  1:39  Probe  
  21  1:45  Assimilator  
  21  1:51  Probe  
  22  2:03  Probe  
  23  2:12  Warp Gate  
  23  2:15  Pylon  
  23  2:33  Stalker, Probe (Chrono Boost)  
  26  2:37  Probe (Chrono Boost)  
  28  2:45  Probe (Chrono Boost)  
  28  2:47  Probe (Chrono Boost)  
  28  2:50  Probe (Chrono Boost)  
  29  2:54  Probe  
  31  3:00  Stargate  
  31  3:01  Probe (Chrono Boost)  
  31  3:03  Sentry  
  34  3:07  Probe (Chrono Boost)  
  34  3:11  Assimilator  
  36  3:13  Assimilator  
  36  3:16  Probe x2 (Chrono Boost)  
  37  3:21  Probe (Chrono Boost)  
  37  3:23  Pylon  
  37  3:24  Pylon  
  39  3:27  Probe (Chrono Boost)  
  39  3:33  Probe (Chrono Boost)  
  40  3:38  Void Ray (Chrono Boost)  
  40  3:39  Probe (Chrono Boost)  
  41  3:41  Shield Battery, Probe (Chrono Boost)  
  46  3:51  Stargate  
  46  3:53  Pylon  
  46  3:56  Probe  
  46  3:57  Probe  
  48  4:08  Void Ray, Probe  
  48  4:09  Probe  
  54  4:33  Void Ray, Nexus  
  54  4:34  Pylon  
  59  4:45  Probe x2  
  60  4:58  Probe x2  
  62  5:02  Void Ray  
  62  5:07  Shield Battery  
  62  5:10  Probe x2  
  62  5:13  Robotics Facility  
  68  5:14  Robotics Facility  
  68  5:15  Pylon  
  68  5:22  Probe  
  68  5:23  Probe  
  70  5:31  Void Ray  
  70  5:35  Probe x2 (Chrono Boost)  
  76  5:46  Void Ray  
  76  5:47  Probe x2 (Chrono Boost)  
  76  5:48  Probe (Chrono Boost)  
  76  5:49  Assimilator  
  79  5:54  Probe x3 (Chrono Boost), Assimilator  
  79  5:56  Twilight Council  
  86  6:00  Forge  
  86  6:01  Probe x3  
  86  6:02  Robotics Bay  
  90  6:04  Observer x2  
  91  6:13  Probe x3  
  94  6:25  Probe x3  
  96  6:31  Protoss Ground Weapons Level 1  
  97  6:37  Probe  
  98  6:48  Extended Thermal Lance  
  98  6:56  Pylon x2  
  98  6:59  Pylon  
  98  7:01  Pylon  
  98  7:03  Pylon  
  98  7:05  Pylon  
  98  7:08  Pylon  
  98  7:12  Colossus x2 (Chrono Boost), Nexus  
  98  7:13  Pylon  
  110  7:26  Probe x2  
  110  7:27  Probe  
  113  7:33  Charge  
  113  7:38  Probe x2  
  113  7:39  Probe  
  116  7:47  Forge  
  116  7:50  Probe  
  116  7:51  Probe x2  
  119  7:52  Gateway  
  119  7:53  Gateway  
  119  7:57  Disruptor (Chrono Boost), Gateway x2  
  119  7:58  Disruptor (Chrono Boost)  
  119  8:02  Probe  
  119  8:03  Probe x2, Pylon  
  128  8:06  Pylon  
  128  8:14  Gateway  
  128  8:15  Probe x2  
  128  8:18  Gateway  
  130  8:21  Gateway, Pylon  
  130  8:24  Probe x2  
  133  8:27  Photon Cannon, Probe  
  133  8:30  Photon Cannon  
  133  8:32  Photon Cannon  
  133  8:33  Disruptor x2 (Chrono Boost)  
  138  8:52  Protoss Ground Weapons Level 2 (Chrono Boost)  
  138  8:53  Zealot x2  
  138  8:54  Zealot x3  
  138  8:55  Probe x3  
  151  9:08  Disruptor x2  
  157  9:11  Assimilator  
  157  9:12  Pylon  
  157  9:13  Assimilator  
  157  9:16  Pylon  
  157  9:22  Zealot x8  
  173  9:24  Pylon  
  173  9:26  Pylon  
  173  9:27  Protoss Ground Armor Level 1 (Chrono Boost)  
  173  9:45  Gateway  
  173  9:46  Gateway  
  173  9:48  Photon Cannon, Gateway  
  173  9:49  Photon Cannon  
  173  9:50  Gateway  
  173  9:51  Shield Battery x2  
  173  9:52  Photon Cannon  
  173  10:09  Photon Cannon  
  173  10:11  Photon Cannon  
  173  10:15  Photon Cannon  
  173  10:18  Shield Battery  
  173  10:20  Shield Battery  
  173  10:22  Gateway  
  173  10:25  Gateway  
  173  10:36  Fleet Beacon  
  173  10:37  Protoss Air Weapons Level 1  
  173  10:39  Stargate  
  173  10:40  Nexus  
  173  10:43  Pylon, Stargate  
  173  10:44  Probe x2  
  173  10:45  Pylon, Probe  
  173  10:48  Pylon  
  173  10:49  Assimilator  
  166  10:52  Assimilator  
  150  11:03  Zealot x3  
  150  11:04  Zealot x8, Templar Archives  
  167  11:22  Nexus  
  167  11:25  Pylon  
  167  11:26  Pylon  
  167  11:29  Pylon  
  167  11:31  Shield Battery  
  167  11:33  Shield Battery, Probe x4  
  167  11:35  Photon Cannon  
  167  11:36  Photon Cannon  
  156  11:52  Colossus (Chrono Boost)  
  123  11:59  Colossus (Chrono Boost)  
  123  12:00  Zealot x9  
  123  12:01  Zealot x3  
  115  12:13  Protoss Ground Weapons Level 3 (Chrono Boost)  
  115  12:14  High Templar x2  
  118  12:19  Carrier x3 (Chrono Boost)  
  133  12:30  Archon  
  133  12:33  Psionic Storm  
  133  12:49  High Templar x4, Disruptor x2 (Chrono Boost)  
  133  12:50  High Templar  
  149  12:58  Carrier  
  155  13:16  Carrier x2  
  155  13:17  Disruptor  
  155  13:19  Archon x2  
  117  14:13  Disruptor x2 (Chrono Boost)  
  93  14:52  Zealot x8  
  104  14:53  Zealot  
  86  15:21  Zealot x4  
  86  15:22  Zealot x4  
Tags
 
Add a new tag
Caveats
  • Supply blocks, unpowered buildings, or Contaminate may cause inaccurate times.
  • Supply counts are checked every 10 seconds.